 Dungeon Sprint DCSS version 0.23.2 (webtiles) character file.

Game seed: 14169815895780891162

4770 MartialLaw the Bludgeoner (level 10, -10/111 HPs)
             Began as a Troll Berserker on Mar 31, 2019.
             Was the Champion of Trog.
             Mangled by a tyrant leech (25 damage)
             ... in the Dungeon (Sprint III: "The Ten Rune Challenge").
             The game lasted 00:07:01 (1220 turns).

MartialLaw the Bludgeoner (Troll Berserker)         Turns: 1220, Time: 00:07:02

Health: -10/111    AC:  6    Str: 28    XL:     10   Next: 23%
Magic:  3/3        EV: 14    Int:  3    God:    Trog [******]
Gold:   20         SH:  0    Dex: 11    Spells: 9/9 levels left

rFire    . . .     SeeInvis .   j - +3 dire flail (antimagic)
rCold    . . .     Gourm    +   (shield currently unavailable)
rNeg     . . .     Faith    .   b - +0 animal skin
rPois    .         Spirit   .   (helmet restricted)
rElec    .         Reflect  .   (no cloak)
rCorr    .         Harm     .   (gloves unavailable)
MR       .....     NoTele   +   (boots unavailable)
Stlth    +++.......             (no amulet)
HPRegen  0.68/turn              k - ring of stealth
MPRegen  0.08/turn              (no ring)

@: no status effects
A: large, unfitting armour, claws 3, fast metabolism 3, gourmand, regeneration
1, shaggy fur 1, tough skin 3
a: Berserk, Trog's Hand, Brothers in Arms, Renounce Religion


You were in the Dungeon.
You worshipped Trog.
Trog was exalted by your worship.
You were not hungry.

You visited 1 branch You collected 20 gold pieces.

Inventory:

Hand Weapons
 a - a +0 mace
 j - a +3 antimagic dire flail (weapon)
Armour
 b - a +0 animal skin (worn)
Jewellery
 k - a ring of stealth (left claw)
Scrolls
 i - a scroll of blinking
 l - a scroll of identify {unknown}
Potions
 d - a potion of curing
 e - 2 potions of heal wounds
 f - a potion of haste
 g - 2 potions of magic
 h - a potion of berserk rage
Comestibles
 c - a ration


   Skills:
 + Level 10.6 Fighting
 + Level 15.3 Maces & Flails
 + Level 9.6 Dodging
 + Level 3.6 Stealth


You had 9 spell levels left.
You didn't know any spells.
Your spell library was empty.

Dungeon Overview and Level Annotations

Branches:
Dungeon (1/1)

Altars:
Cheibriados
Dithmenos
Elyvilon
Fedhas
Gozag
Hepliaklqana
Kikubaaqudgha
Makhleb
Nemelex Xobeh
Okawaru
Qazlal
Ru
Sif Muna
Trog
Uskayaw
Vehumet
Wu Jian
Xom
Yredelemnul
Zin
The Shining One
Beogh
Jiyva
Lugonu


Innate Abilities, Weirdness & Mutations

You are too large for most types of armour.
You have claws for hands.
Your metabolism is lightning-fast.
You like to eat raw meat.
Your natural rate of healing is unusually fast.
You are covered in fur. (AC +1)
You have extremely tough skin. (AC +3)


Message History

The tyrant leech is moderately wounded.
You closely miss the tyrant leech.
The tyrant leech is moderately wounded.
The tyrant leech closely misses you.
You puncture the tyrant leech!
The tyrant leech is heavily wounded.
You puncture the tyrant leech!
The tyrant leech is severely wounded.
The tyrant leech bites you!!
* * * LOW HITPOINT WARNING * * *
The tyrant leech draws strength from your injuries!
You barely miss the tyrant leech.
The tyrant leech is severely wounded.
You closely miss the tyrant leech.
The tyrant leech is severely wounded.
A tyrant leech comes into view.
You sock the tyrant leech!
The tyrant leech is almost dead.
The tyrant leech bites you!!
You die...

...##.....#...#__#...#....#.#.#..
...#......#'###__#...##.#..#.##.#
.##.#.....#)).#__#...'##.#.#.##)#
.#####....#___#__'...#.))#..#..##
▓▓ ▓▓▓▓▓▓▓▓▓▓▓▓▓▓▓▓▓▓▓▓▓▓▓▓▓▓▓▓
♣.....♣♣♣♣≈≈≈........≈≈≈.
♣.≈≈≈≈'♣♣)♣≈≈≈≈≈≈≈≈≈≈≈≈♣♣
+.....#†≈♣♣♣♣♣♣♣♣♣♣♣♣♣♣♣♣
♣♣♣♣♣♣#.@♣♣ ♣ ###w♣ ♣w# .## .# ♣.
♣


You could see 2 tyrant leeches.

Vanquished Creatures
  Erolcha (D)
  A deep elf mage (D)
  2 spiny frogs (D)
  A rime drake (D)
  A komodo dragon (D)
  3 wandering mushrooms (D)
  3 redbacks (D)
  A shadow (D)
  A spatial vortex (D)
  A swamp drake (D)
  A necrophage (D)
  5 two-headed ogres (D)
  A water elemental (D)
  A jelly (D)
  A necromancer (D)
  A wizard (D)
  3 humans (D)
  A kobold demonologist (D)
  A phantom (D)
  4 rats (D)
34 creatures vanquished.

Vanquished Creatures (others)
  2 draconian scorchers (D)
  2 yaktaurs (D)
  6 hellions (D)
10 creatures vanquished.

Grand Total: 44 creatures vanquished

Notes
Turn   | Place    | Note
-------+----------+-------------------------------------------
     0 | D        | MartialLaw the Troll Berserker began the quest for the Orb.
     0 | D        | Reached XP level 1. HP: 22/22 MP: 0/0
    38 | D        | Reached ** piety under Trog
    56 | D        | Reached skill level 3 in Maces & Flails
    78 | D        | Reached skill level 4 in Maces & Flails
    78 | D        | Reached XP level 2. HP: 18/31 MP: 1/1
    90 | D        | Killed a hellion
    93 | D        | Killed a hellion
    93 | D        | Killed a hellion
    95 | D        | Killed a hellion
    95 | D        | Killed a hellion
   111 | D        | Killed a yaktaur
   113 | D        | Noticed a water elemental
   113 | D        | Killed a hellion
   117 | D        | Killed a water elemental
   117 | D        | Reached *** piety under Trog
   117 | D        | Reached skill level 5 in Maces & Flails
   117 | D        | Reached XP level 3. HP: 40/40 MP: 2/2
   117 | D        | Reached XP level 4. HP: 49/49 MP: 3/3
   127 | D        | Killed a white draconian scorcher
   148 | D        | Found a radiant altar of Vehumet.
   148 | D        | Found a deep blue altar of Sif Muna.
   148 | D        | Found an ancient bone altar of Kikubaaqudgha.
   148 | D        | Noticed a wizard
   152 | D        | Killed a white draconian scorcher
   177 | D        | Noticed a ynoxinul
   182 | D        | Killed a wizard
   182 | D        | Reached skill level 6 in Maces & Flails
   182 | D        | Reached skill level 1 in Stealth
   192 | D        | Killed a yaktaur
   229 | D        | Found a glowing silver altar of Zin.
   229 | D        | Found a glowing golden altar of the Shining One.
   229 | D        | Found a white marble altar of Elyvilon.
   230 | D        | Noticed a deep elf mage
   236 | D        | Noticed an earth elemental
   236 | D        | Noticed an earth elemental
   239 | D        | Killed a deep elf mage
   239 | D        | Reached **** piety under Trog
   239 | D        | Reached skill level 9 in Maces & Flails
   239 | D        | Reached XP level 5. HP: 62/62 MP: 4/4
   239 | D        | Reached XP level 6. HP: 71/71 MP: 5/5
   239 | D        | Reached XP level 7. HP: 78/78 MP: 6/6
   290 | D        | Found a hide-covered altar of Uskayaw.
   290 | D        | Found a roughly hewn altar of Beogh.
   290 | D        | Found an iron altar of Okawaru.
   290 | D        | Found a bloodstained altar of Trog.
   290 | D        | Found an ornate altar of the Wu Jian Council.
   290 | D        | Noticed a human
   291 | D        | Noticed a human
   301 | D        | Killed a human
   301 | D        | Reached skill level 10 in Maces & Flails
   307 | D        | Killed a human
   329 | D        | Found a basalt altar of Yredelemnul.
   329 | D        | Found a shadowy altar of Dithmenos.
   329 | D        | Found a sacrificial altar of Ru.
   335 | D        | Reached ***** piety under Trog
   405 | D        | Noticed a shadow
   579 | D        | Killed a shadow
   579 | D        | Reached skill level 11 in Maces & Flails
   579 | D        | Reached XP level 8. HP: 88/88 MP: 7/7
   636 | D        | Found a blossoming altar of Fedhas.
   636 | D        | Found a stormy altar of Qazlal.
   636 | D        | Found a snail-covered altar of Cheibriados.
   636 | D        | Found a burning altar of Makhleb.
   636 | D        | Found a shimmering altar of Xom.
   637 | D        | Found a hazy altar of Hepliaklqana.
   637 | D        | Found an opulent altar of Gozag.
   637 | D        | Found a sparkling altar of Nemelex Xobeh.
   637 | D        | Found a corrupted altar of Lugonu.
   637 | D        | Found a viscous altar of Jiyva.
   743 | D        | Noticed a two-headed ogre
   751 | D        | Killed a two-headed ogre
   751 | D        | Reached skill level 12 in Maces & Flails
   783 | D        | Noticed a two-headed ogre
   783 | D        | Noticed Erolcha
   803 | D        | Killed Erolcha
   803 | D        | Received a gift from Trog
   803 | D        | Reached skill level 13 in Maces & Flails
   803 | D        | Reached XP level 9. HP: 100/100 MP: 8/8
   811 | D        | Killed a two-headed ogre
   818 | D        | Reached skill level 14 in Maces & Flails
   869 | D        | Noticed a wandering mushroom
   874 | D        | Noticed a wandering mushroom
   876 | D        | Noticed a wandering mushroom
   879 | D        | Killed a wandering mushroom
   903 | D        | Reached ****** piety under Trog
   903 | D        | Reached skill level 10 in Fighting
   909 | D        | Noticed a spiny frog
   909 | D        | Noticed a komodo dragon
   909 | D        | Noticed a spiny frog
   914 | D        | Killed a spiny frog
   918 | D        | Killed a spiny frog
   918 | D        | Received a gift from Trog
   918 | D        | Reached XP level 10. HP: 66/110 MP: 3/9
   924 | D        | Reached skill level 15 in Maces & Flails
  1220 | D        | Mangled by a tyrant leech

Skill      XL: |  1  2  3  4  5  6  7  8  9 10 |
---------------+-------------------------------+-----
Maces & Flails | 4 5 9 11 13 14 15 | 15.3
Fighting       | 3 4 7 8 9 10 | 10.6
Dodging        | 3 4 6 7 8 9 |  9.6
Stealth        | 1 2 3 |  3.6

Action                   |  1- 3 |  4- 6 |  7- 9 | 10-12 || total
-------------------------+-------+-------+-------+-------++-------
Melee: Mace              |    20 |    14 |    76 |       ||   110
       Dire flail        |       |       |    21 |    32 ||    53
Invok: Berserk           |     2 |     2 |     8 |       ||    12
 Stab: Sleeping          |     1 |       |       |     1 ||     2
  Eat: Chunk             |     3 |     3 |     5 |     6 ||    17
       Ration            |       |       |     2 |       ||     2
Armor: Animal skin       |       |     1 |     8 |     1 ||    10
Dodge: Dodged            |     6 |     3 |    42 |     8 ||    59
